 Dungeon Crawl Stone Soup version 0.28.0-1-gb440e238dd (webtiles) character file.

Game seed: 4340285167342922841

5474 mcwallace the Fighter (level 10, -2/82 HPs)
             Began as a Barachi Ice Elementalist on Feb 21, 2022.
             Slain by a wyvern (14 damage)
             ... on level 9 of the Dungeon.
             The game lasted 00:22:55 (8917 turns).

mcwallace the Fighter (Barachi Ice Elementalist)    Turns: 8917, Time: 00:22:56

Health: -2/82      AC:  5    Str: 17    XL:     10   Next: 69%
Magic:  21/21      EV: 23    Int: 21    God:
Gold:   454        SH:  0    Dex: 12    Spells: 15/24 levels left

rFire   + . .      SeeInvis .   s - +4 war axe "Guahoup" {drain, rF+ Str+2, axe}
rCold   . . .      Faith    .   (no shield)
rNeg    . . .      Spirit   .   a - +0 robe
rPois   .          Reflect  .   G - +2 helmet
rElec   .          Harm     .   (no cloak)
rCorr   .          Rampage  .   (no gloves)
Will    .....                   (no boots)
Stlth   ++........              (no amulet)
HPRegen 0.23/turn               j - ring of the Hare {EV+8}
MPRegen 0.17/turn               C - +6 ring of strength

@: unable to hop, slow
A: amphibious, slowness 1, strong legs 1, +LOS
a: Hop


You were on level 9 of the Dungeon.
You visited 2 branches of the dungeon, and saw 10 of its levels.

You collected 454 gold pieces.


Innate Abilities, Weirdness & Mutations

You are amphibious.
You cover ground slowly.
You can hop short distances.
You have an extended range of vision and can be seen from far away.


   Skills:
 + Level 8.5 Fighting
 + Level 8.3 Dodging
 - Level 1.7 Stealth
 + Level 7.5 Spellcasting
 + Level 6.2 Conjurations
 - Level 7.0 Ice Magic
 + Level 5.2 Invocations


You had 15 spell levels left.
You knew the following spells:

 Your Spells              Type           Power      Damage    Failure   Level
a - Freeze                Ice            100%       1d11      1%          1
b - Frozen Ramparts       Ice            74%        1d9       1%          3
c - Ozocubu's Armour      Ice            37%        N/A       1%          3
d - Blink                 Tloc           14%        N/A       13%         2

Your spell library contained the following spells:

 Spells                   Type           Power      Damage    Failure   Level
 Hailstorm                Conj/Ice       35%        3d9       5%          4
 Manifold Assault         Tloc           7%         N/A       93%         5
 Storm Form               Tmut/Air       3%         N/A       100%        7

Inventory:

Hand Weapons
 b - a +0 dagger {short}
   (You found it on level 1 of the Dungeon)
 l - a +0 long sword {long}
   (You found it on level 4 of the Dungeon)
 o - a +0 spear {polearm}
   (You took it off a gnoll on level 4 of the Dungeon)
 r - a +0 trident {polearm}
   (You found it on level 5 of the Dungeon)
 s - the +4 war axe "Guahoup" (weapon) {drain, rF+ Str+2, axe}
   (You found it on level 5 of the Dungeon)

   A truly terrible weapon, it drains the life of any living foe it strikes.
   Str:       It affects your strength (+2).
   rF:        It protects you from fire.
 v - a +2 whip of freezing {mace}
   (You took it off Pikel on level 5 of the Dungeon)
Missiles
 d - 178 arrows
 f - 274 stones {throwing}
 A - 20 sling bullets
 D - 7 poisoned darts {throwing}
 H - a curare-tipped dart {=fthrowing}
 I - 6 javelins {throwing}
Armour
 a - a +0 robe (worn)
 m - a +0 helmet
   (You took it off Robin on level 4 of the Dungeon)
 G - a +2 helmet (worn)
   (You found it on level 8 of the Dungeon)
Jewellery
 j - the ring of the Hare (left hand) {EV+8}
   (You found it on level 2 of the Dungeon)

   [ring of evasion]

   EV:        It affects your evasion (+8).
 y - a ring of protection from fire
   (You found it on level 6 of the Dungeon)
 C - a +6 ring of strength (right hand)
   (You found it on level 6 of the Dungeon)
 J - a +6 ring of dexterity
   (You took it off an orc on level 8 of the Dungeon)
 K - an amulet of faith {!P}
   (You found it on level 8 of the Dungeon)
Wands
 M - a wand of paralysis (12)
   (You found it on level 8 of the Dungeon)
Scrolls
 c - 4 scrolls of vulnerability {!r!r}
 e - 2 scrolls of identify {@r1}
 g - a scroll of magic mapping {unknown}
 h - 2 scrolls of immolation {!r!r}
 k - a scroll of enchant armour {unknown}
 p - a scroll of amnesia {unknown}
 u - 2 scrolls of silence {unknown}
 x - a scroll of blinking {unknown}
 L - a scroll of noise {unknown}
Potions
 i - a potion of attraction {unknown}
 n - a potion of lignification {unknown}
 t - a potion of might {unknown}
 w - 3 potions of flight {unknown}
 z - a potion of magic {unknown}
 B - 2 potions of brilliance {unknown}
 E - a potion of heal wounds {unknown}
 F - a potion of invisibility {unknown}

Dungeon Overview and Level Annotations

Branches:
Dungeon (9/15)             Temple (1/1) D:7            Lair (0/6) D:8
    Orc: D:9-12

Altars:
Ashenzari
Elyvilon
Fedhas
Gozag
Kikubaaqudgha
Makhleb
Nemelex Xobeh
Okawaru
Ru
Sif Muna
Trog
Uskayaw
Vehumet
Wu Jian
Xom
Yredelemnul
Zin
The Shining One

Shops:
D:6 ?

Annotations:
D:4 2 runed translucent doors
D:6 1 runed translucent door, GrayStillPlays's ghost, novice HOFi
D:8 2 runed translucent doors, AlmostDecent's ghost, novice TrMo

## #.......... #$.
##..#..#.... z.#
#........... ....
#.†........ ...
####.†<....... .
##z######.#......#....
...#.....##.....#...)....
..z......ln#....#.).)....
....z...@Oy.........)###.
................#..(.)#
..........#..........#.#
........................
..<.!....................
.........................
....................... .
...................
............>.....


You could see a two-headed ogre, a wyvern, a necrophage, a killer bee and 4
wights.


Message History

You barely miss the necrophage.
The wyvern hisses angrily.
You hit the kobold.
You feel sick.
The wall freezes the killer bee.
The killer bee misses you.
The wall freezes the killer bee but does no damage.
The killer bee misses you. The killer bee closely misses you.
The kobold closely misses you. The necrophage completely misses you.
The wall freezes the killer bee.
The killer bee stings you but does no damage.
The wall freezes the killer bee.
The killer bee misses you. The killer bee completely misses you.
The necrophage closely misses you. The kobold misses you. 😨 HP[-2]
You take 2 damage, and now have 39/82 hp.
You miss the killer bee. x2; You closely miss the killer bee.
You closely miss the necrophage. You hit the kobold but do no damage.
You drain the kobold.
You kill the kobold!
You feel sick.
The wall freezes the killer bee.
The killer bee misses you.
The wall freezes the killer bee.
The killer bee completely misses you. x2
The wall freezes the killer bee.
The killer bee misses you.
The wall freezes the killer bee.
The killer bee barely misses you. The killer bee completely misses you.
The wall freezes the killer bee.
The killer bee completely misses you. The necrophage closely misses you.
The wall freezes the killer bee.
The killer bee completely misses you.
The killer bee closely misses you. 😨 MP[+1]
You completely miss the killer bee. You closely miss the killer bee.
You barely miss the killer bee. You hit the necrophage.
The frozen ramparts melt away.
You feel sick.
You are no longer poisoned.
The killer bee barely misses you. The killer bee misses you.
The killer bee closely misses you. The killer bee stings you.
* * * LOW HITPOINT WARNING * * *
You are poisoned.
The killer bee poisons you! The killer bee stings you!
* * * LOW HITPOINT WARNING * * *
The killer bee completely misses you. The necrophage closely misses you.
The killer bee completely misses you. The killer bee misses you.
The killer bee completely misses you.
The necrophage closely misses you. 😨 HP[-12]
You take 12 damage, and now have 27/82 hp.
Hop to where?
Press: ? - help, Dir - move target Boing!
You feel sick. 😨 HP[-2]
You take 2 damage, and now have 25/82 hp.
You closely miss the killer bee. Your punch misses the killer bee.
You closely miss the wyvern.
You feel sick. The killer bee closely misses you. The wyvern bites you.
* * * LOW HITPOINT WARNING * * *
The killer bee misses you. The wyvern bites you!
* * * LOW HITPOINT WARNING * * *
The killer bee closely misses you. 😱 HP[-14]
You take 14 damage, and now have 11/82 hp.
You hit the killer bee. You drain the killer bee.
You kill the killer bee!
You hit the wyvern but do no damage. You hit the killer bee.
You kill the killer bee!
You feel sick. The wyvern misses you. The killer bee closely misses you.
The wyvern misses you. 😱 HP[-2]
You take 2 damage, and now have 9/82 hp.
You feel sick.
You are no longer poisoned.
The wyvern completely misses you. 😱 HP[-1] MP[+1]
You take 1 damage, and now have 8/82 hp.
Your mp is fully restored (21).
The wyvern barely misses you. The killer bee barely misses you.
You feel better.
The killer bee stings you but does no damage.
The wyvern completely misses you. 😱 HP[+8]
You regained 8 hp, and now have 16/82 hp.
The wyvern completely misses you. The wyvern misses you.
As you read the scroll labelled EXKAUDDITH, it crumbles to dust.
It is a scroll of identify.
h - 2 scrolls of immolation The wyvern closely misses you.
Found a stone staircase leading up.
The wyvern bites you!
* * * LOW HITPOINT WARNING * * *
😱 HP[-15]
You take 15 damage, and now have 1/82 hp.
You feel better.
The wyvern completely misses you. x2 😱 HP[+11]
You regained 11 hp, and now have 12/82 hp. 3 wights come into view.
Found 5 gold pieces.
Found a stone staircase leading down.
A wight comes into view. It is wielding a +0 morningstar.
The killer bee barely misses you. The wyvern bites you.
* * * LOW HITPOINT WARNING * * *
The killer bee completely misses you. 😱 HP[-6]
You take 6 damage, and now have 6/82 hp.
You feel better. The killer bee completely misses you.
The wyvern completely misses you. The wyvern bites you!
You die...

Skill      XL: |  1  2  3  4  5  6  7  8  9 10 |
---------------+-------------------------------+-----
Ice Magic      | 5 6 7 |  7.0
Fighting       | 1 2 3 4 5 6 7 8 |  8.5
Dodging        | 3 4 5 6 7 8 |  8.3
Spellcasting   | 3 4 5 6 7 |  7.5
Conjurations   | 3 5 6 |  6.2
Invocations    | 2 4 5 |  5.2
Stealth        | |  1.7

Action                   |  1- 3 |  4- 6 |  7- 9 | 10-12 || total
-------------------------+-------+-------+-------+-------++-------
Melee: Dagger            |    28 |    95 |       |       ||   123
       Trident           |       |     8 |     3 |       ||    11
       War axe           |       |       |   114 |    60 ||   174
       Punch             |       |       |     1 |       ||     1
 Cast: Freeze            |    48 |     5 |       |       ||    53
       Frozen Ramparts   |     3 |    14 |    40 |    13 ||    70
       Ozocubu's Armour  |       |     2 |     4 |     2 ||     8
 Abil: Hop               |       |       |       |     1 ||     1
  Use: Scroll            |       |       |     1 |     1 ||     2
       Potion            |       |       |       |     3 ||     3
 Stab: Sleeping          |     2 |     1 |       |       ||     3
Armor: Robe              |    20 |    18 |    14 |    10 ||    62
Dodge: Dodged            |    47 |   104 |   150 |   135 ||   436

Levels and vault maps discovered:
D:1:      lightli_arrival_flooded_house, layout_loops_ring, serial_glass,
          glass_columns_a, glass_columns_a
D:2:      layout_rooms
D:3:      layout_loops_ring, marbit_many_paths
D:4:      layout_cave_pools, good_gods_temple_1, jmf_multi_god_temple2,
          uniq_robin
D:5:      layout_cave_pods, uniq_pikel
D:6:      layout_rooms, ebering_ghost_sewer_d, nicolae_stop_n_shop_2
D:7:      layout_cave_pods, nicolae_overflow_hidden_temple, temple_pool_b
D:8:      layout_layer_cave, nicolae_ashenzari_panopticon,
          minmay_lair_entry_grove, ebering_ghost_disaster_area
D:9:      layout_cross, mainiacjoe_overflow_catwalk_spiral, serial_undead,
          serial_undead_d, serial_undead_f, serial_undead_d, serial_undead_a,
          minmay_holes
Temple:   nicolae_temple_no_exploring_needed

Notes
Turn   | Place    | Note
-------+----------+-------------------------------------------
     0 | D:1      | mcwallace the Barachi Ice Elementalist began the quest for
                  | the Orb.
     0 | D:1      | Reached XP level 1. HP: 13/13 MP: 3/3
     0 | D:1      | magus.rc [v1.9.6]
   294 | D:1      | Reached XP level 2. HP: 20/20 MP: 3/5
   375 | D:1      | Reached skill level 5 in Ice Magic
   601 | D:1      | Reached skill level 1 in Fighting
  1217 | D:2      | Reached XP level 3. HP: 26/26 MP: 2/6
  1221 | D:2      | Learned a level 3 spell: Frozen Ramparts
  1225 | D:2      | Learned a level 3 spell: Ozocubu's Armour
  1663 | D:2      | Found the ring of the Hare {EV+8}
  2037 | D:3      | Found an ancient bone altar of Kikubaaqudgha.
  2184 | D:3      | Reached skill level 3 in Dodging
  2231 | D:3      | Reached XP level 4. HP: 26/33 MP: 0/8
  2554 | D:4      | Reached skill level 2 in Fighting
  2554 | D:4      | Noticed a scorpion
  2561 | D:3      | Reached skill level 3 in Spellcasting
  2723 | D:4      | Found a large runed translucent door.
  2724 | D:4      | Found a large runed translucent door.
  2792 | D:4      | Reached XP level 5. HP: 17/39 MP: 9/9
  3020 | D:4      | Reached skill level 3 in Fighting
  3024 | D:4      | Reached XP level 6. HP: 45/47 MP: 5/11
  3026 | D:4      | Noticed Robin
  3039 | D:4      | Killed Robin
  3040 | D:4      | Reached skill level 6 in Ice Magic
  3313 | D:4      | Reached skill level 4 in Dodging
  3529 | D:4      | Found a white marble altar of Elyvilon.
  3530 | D:4      | Found a glowing golden altar of the Shining One.
  3537 | D:4      | Found a glowing silver altar of Zin.
  3656 | D:5      | Entered Level 5 of the Dungeon
  3695 | D:5      | Reached skill level 4 in Fighting
  3695 | D:5      | Reached skill level 4 in Spellcasting
  3695 | D:5      | Reached XP level 7. HP: 46/54 MP: 2/13
  3709 | D:5      | Identified the +4 war axe "Guahoup" {drain, rF+ Str+2}
  4210 | D:5      | Reached skill level 5 in Dodging
  4211 | D:5      | Reached skill level 7 in Ice Magic
  4319 | D:5      | Noticed Pikel
  4326 | D:5      | Reached skill level 5 in Fighting
  4326 | D:5      | Reached XP level 8. HP: 44/62 MP: 8/15
  4329 | D:5      | Killed Pikel
  4330 | D:5      | Reached skill level 5 in Spellcasting
  4330 | D:5      | Reached skill level 2 in Conjurations
  4330 | D:5      | Reached skill level 2 in Invocations
  5049 | D:6      | Reached skill level 6 in Dodging
  5053 | D:6      | Reached skill level 6 in Fighting
  5053 | D:6      | Reached skill level 3 in Conjurations
  5297 | D:6      | Reached XP level 9. HP: 61/69 MP: 14/17
  5372 | D:6      | Found a runed translucent door.
  5384 | D:6      | Noticed GrayStillPlays's ghost (novice HOFi)
  5391 | D:6      | Found Quaggo Lebby's Magic Scroll Shop.
  5627 | D:7      | You add the spells Blink, Manifold Assault and Storm Form
                  | to your library.
  5676 | D:7      | Reached skill level 3 in Invocations
  5775 | D:7      | Reached skill level 6 in Spellcasting
  5854 | D:7      | Found a staircase to the Ecumenical Temple.
  5864 | Temple   | Entered the Ecumenical Temple
  5944 | D:7      | Reached skill level 4 in Conjurations
  5948 | D:7      | Learned a level 2 spell: Blink
  6264 | D:7      | Reached skill level 7 in Fighting
  6462 | D:7      | Found a sacrificial altar of Ru.
  6521 | D:7      | Reached skill level 7 in Dodging
  7086 | D:8      | Found a broken altar of Ashenzari.
  7169 | D:8      | Reached skill level 4 in Invocations
  7173 | D:8      | Reached skill level 5 in Conjurations
  7176 | D:8      | Reached XP level 10. HP: 77/79 MP: 8/20
  7181 | D:8      | Reached skill level 7 in Spellcasting
  7187 | D:8      | Reached skill level 8 in Fighting
  7263 | D:8      | Found a staircase to the Lair.
  7270 | D:8      | Found a large runed translucent door.
  7270 | D:8      | Found a large runed translucent door.
  7278 | D:8      | Noticed AlmostDecent's ghost (novice TrMo)
  7573 | D:8      | Reached skill level 8 in Dodging
  7834 | D:8      | Reached skill level 6 in Conjurations
  7834 | D:8      | Reached skill level 5 in Invocations
  8589 | D:9      | HP: 12/82 [something (11)]
  8899 | D:9      | Noticed a two-headed ogre
  8905 | D:9      | HP: 11/82 [wyvern (10)]
  8913 | D:9      | HP: 1/82 [wyvern (16)]
  8917 | D:9      | Slain by a wyvern

Vanquished Creatures
  Pikel (D:5)
  2 wyverns (D:8)
  6 yaks (D:8)
  A shadow (D:8)
  A steam dragon (D:7)
  4 water moccasins (D:8)
  A black bear (D:5)
  A sky beast (D:8)
  An orc warrior (D:8)
  An ice beast (D:6)
  An ogre (D:5)
  2 necrophages (D:6)
  2 centaurs
  3 lemures (D:5)
  3 kobold brigands
  4 scorpions
  2 wyvern zombies (D:7)
  2 bullfrogs (D:8)
  16 killer bees
  A howler monkey (D:7)
  A wight (D:8)
  A centaur zombie (D:8)
  5 orc priests
  7 hounds
  A jelly (D:6)
  A centaur skeleton (D:4)
  2 bullfrog skeletons
  A gnoll shaman (D:5)
  3 iguanas
  An orc wizard (D:8)
  A hound zombie (D:5)
  A howler monkey skeleton (D:7)
  Robin (D:4)
  12 gnolls
  4 adders
  A shadow imp (D:5)
  3 white imps
  2 dart slugs (D:2)
  18 orcs
  2 bats (D:1)
  6 endoplasms
  A giant cockroach (D:1)
  11 goblins
  14 hobgoblins
  2 jackals (D:3)
  4 quokkas
  4 ball pythons
  3 frilled lizards
  16 kobolds
  2 rats
186 creatures vanquished.

Vanquished Creatures (others)
  A fungus (D:8)
  6 plants (D:8)
7 creatures vanquished.

Grand Total: 193 creatures vanquished

Table legend:
 A = Non-vault XP
 B = Vault XP
 C = Vault XP percentage of total XP
 D = Non-vault monster count
 E = Vault monster count
 F = Vault count percentage of total count
                 A         B        C        D         E       F
            +---------+---------+-------+---------+---------+-------
      Total |    4788 |    3033 |  38.8 |     155 |      28 |  15.3
            +---------+---------+-------+---------+---------+-------
        D:1 |      19 |       0 |   0.0 |      12 |       0 |   0.0
        D:2 |      26 |       0 |   0.0 |      12 |       0 |   0.0
        D:3 |      73 |       2 |   2.7 |      16 |       1 |   5.9
        D:4 |     342 |      35 |   9.3 |      20 |      11 |  35.5
        D:5 |     869 |     631 |  42.1 |      26 |       2 |   7.1
        D:6 |     474 |       0 |   0.0 |       7 |       0 |   0.0
        D:7 |    1349 |       0 |   0.0 |      26 |       0 |   0.0
        D:8 |    1407 |    2365 |  62.7 |      29 |      14 |  32.6
        D:9 |     229 |       0 |   0.0 |       7 |       0 |   0.0
            +---------+---------+-------+---------+---------+-------

Illustrated notes

Table legend:
 A = Kills in this place as a percentage of kills in entire the game.
 B = Kills by you in this place as a percentage of kills by you in the entire game.
 C = Kills by friends in this place as a percentage of kills by friends in the entire game.
 D = Other kills in this place as a percentage of other kills in the entire game.
 E = Experience gained in this place as a percentage of experience gained in the entire game.
 F = Experience gained in this place divided by the number of levels of this place that you have seen.
                   A       B       C       D       E      F
               +-------+-------+-------+-------+-------+----------------------
         Total | 100.0 | 100.0 |   N/A |   N/A | 100.0 | 782.1
       Dungeon | 100.0 | 100.0 |   N/A |   N/A | 100.0 | 869.0
               +-------+-------+-------+-------+-------+----------------------

Table legend: (Time is in decaauts)
 A = Elapsed time spent in this place.
 B = Non-inter-level travel time spent in this place.
 C = Inter-level travel time spent in this place.
 D = Time resting spent in this place.
 E = Time spent auto-exploring this place.
 F = Levels seen in this place.
 G = Mean time per level.
                   A        B        C        D        E       F      G
               +--------+--------+--------+--------+--------+-----+--------+
         Total |  10048 |   9607 |    441 |    832 |   6912 |  10 | 1004.8 |
       Dungeon |  10046 |   9605 |    441 |    832 |   6912 |   9 | 1116.2 |
        Temple |      1 |      1 |      0 |      0 |      0 |   1 |    1.0 |
               +--------+--------+--------+--------+--------+-----+--------+

Top non-repeatable levels by time:
     D:8: 2335 daAuts
     D:5: 1528 daAuts
     D:7: 1356 daAuts
     D:1: 1186 daAuts
     D:4: 1097 daAuts
     D:3: 1015 daAuts
     D:2: 791 daAuts
     D:6: 678 daAuts
     D:9: 56 daAuts
  Temple: 1 daAuts
